[ AOE2 MATCH · #469111908 ]
Team RMRomans vs Sicilians
[ REPLAY ANALYSIS · EXTRACTED FROM THE RECORDED GAME ]
Feudal
—
Castle
—
Imperial
—
| APM avg | 18.7 |
| APM peak | 98 |
| eAPM avg | 13.2 |
| Villagers / military | 31 / 37 |
Focus
⚔️ 16.9% · 🌾 83.1%
Militia ×24 · Archer ×13
Feudal
12:03
Castle
20:36
Imperial
—
| APM avg | 16.7 |
| APM peak | 31 |
| eAPM avg | 8.4 |
| Villagers / military | 32 / 22 |
Focus
⚔️ 21.1% · 🌾 78.9%
Serjeant ×20 · Militia ×2
Feudal
—
Castle
—
Imperial
—
| APM avg | 12.7 |
| APM peak | 40 |
| eAPM avg | 8.1 |
| Villagers / military | 40 / 25 |
Focus
⚔️ 30.2% · 🌾 69.8%
Militia ×21 · Battering Ram ×4
Feudal
14:22
Castle
22:24
Imperial
—
| APM avg | 11.0 |
| APM peak | 29 |
| eAPM avg | 5.9 |
| Villagers / military | 39 / 4 |
Focus
⚔️ 12.7% · 🌾 87.3%
Spearman ×4 · Trade Cart ×4
Match map
Initial resources + every placement click. Lines = walls · curves = elevation contours. ◆ gold · ⬟ stone · ● berries · ✦ relic · ◌ wall gap
Your base· ✓ Map-separated
Iaguinho Ohh+ Brabo's base· ✓ Map-separated
Chotis_Tloupro's base· ✓ Map-separated
FOX's base· ✓ Map-separated
Smoothed initial terrain · ◌ = detected wall gap · hover for details
Inputs per minute
— sotimeyang - - Iaguinho Ohh+ Brabo
Build order — sotimeyang
First 150 of 212 actions detected
| 0:09 | Build | House |
| 0:11 | Create | Villager (Male) ×4 |
| 0:27 | Build | House |
| 0:56 | Build | House |
| 2:20 | Create | Villager (Male) |
| 3:05 | Create | Villager (Male) ×2 |
| 4:01 | Create | Villager (Male) |
| 4:23 | Create | Villager (Male) ×2 |
| 5:07 | Build | Mill |
| 5:42 | Create | Villager (Male) ×2 |
| 5:43 | Research | Loom |
| 6:40 | Build | Mining Camp |
| 7:04 | Create | Villager (Male) ×3 |
| 7:37 | Build | Lumber Camp |
| 7:46 | Create | Villager (Male) |
| 8:01 | Build | House |
| 8:04 | Build | House |
| 8:04 | Build | House |
| 8:09 | Build | House |
| 8:11 | Build | House |
| 8:12 | Build | House |
| 8:13 | Build | House |
| 8:14 | Build | House |
| 8:30 | Build | Farm |
| 8:34 | Create | Villager (Male) ×3 |
| 8:55 | Build | Farm |
| 9:44 | Build | Mill |
| 9:52 | Create | Villager (Male) ×3 |
| 10:31 | Build | Farm |
| 10:45 | Create | Villager (Male) ×3 |
| 12:30 | Create | Villager (Male) |
| 12:30 | Create | Villager (Male) |
| 12:31 | Create | Villager (Male) |
| 12:31 | Create | Villager (Male) |
| 12:40 | Build | Farm |
| 13:00 | Build | Farm |
| 13:28 | Build | Farm |
| 13:50 | Build | Farm |
| 13:58 | Research | Feudal Age |
| 14:18 | Build | House |
| 14:24 | Build | House |
| 14:26 | Build | House |
| 14:28 | Build | House |
| 14:31 | Build | House |
| 14:40 | Build | House |
| 14:43 | Build | House |
| 14:44 | Build | House |
| 16:17 | Build | Barracks |
| 16:22 | Build | Barracks |
| 16:25 | Research | Wheelbarrow |
| 16:42 | Research | Gold Mining |
| 16:42 | Research | Stone Mining |
| 16:53 | Research | Double-Bit Axe |
| 16:57 | Research | Horse Collar |
| 17:21 | Build | Archery Range |
| 17:22 | Build | Archery Range |
| 17:28 | Build | Archery Range |
| 17:38 | Research | Man-at-Arms (upgrade) |
| 17:39 | Create | Militia |
| 17:40 | Create | Militia |
| 17:40 | Create | Militia |
| 17:40 | Create | Militia |
| 18:15 | Create | Militia |
| 18:16 | Create | Militia |
| 18:17 | Create | Militia |
| 18:17 | Create | Militia |
| 18:57 | Build | Blacksmith |
| 20:00 | Create | Militia |
| 20:06 | Research | Scale Mail Armor |
| 20:07 | Research | Forging |
| 20:08 | Research | Padded Archer Armor |
| 20:09 | Research | Fletching |
| 20:24 | Create | Militia |
| 20:25 | Create | Militia |
| 20:25 | Create | Militia |
| 20:30 | Create | Archer |
| 20:30 | Create | Archer |
| 20:30 | Create | Archer |
| 20:31 | Create | Archer |
| 20:34 | Create | Militia |
| 20:34 | Create | Militia |
| 20:35 | Create | Militia |
| 20:38 | Create | Archer |
| 20:39 | Create | Archer |
| 20:39 | Create | Archer |
| 21:04 | Create | Archer |
| 21:46 | Create | Archer |
| 21:49 | Create | Militia |
| 21:49 | Create | Militia |
| 21:53 | Create | Militia |
| 21:53 | Create | Militia |
| 21:53 | Create | Militia |
| 22:37 | Create | Archer |
| 22:40 | Create | Militia |
| 22:41 | Create | Militia |
| 22:44 | Create | Militia |
| 22:44 | Create | Militia |
| 22:47 | Create | Archer |
| 22:52 | Create | Archer |
| 22:52 | Create | Archer |
| 22:56 | Create | Villager (Male) |
| 22:56 | Create | Villager (Male) |
| 25:50 | Build | Farm |
| 25:50 | Build | Farm |
| 25:50 | Build | Farm |
| 25:50 | Build | Farm |
| 25:50 | Build | Farm |
| 25:50 | Build | Farm |
| 25:50 | Build | Farm |
| 25:50 | Build | Farm |
| 25:50 | Build | Farm |
| 25:50 | Build | Farm |
| 25:50 | Build | Farm |
| 25:50 | Build | Farm |
| 25:50 | Build | Farm |
| 25:56 | Build | Farm |
| 25:56 | Build | Farm |
| 25:56 | Build | Farm |
| 25:56 | Build | Farm |
| 25:56 | Build | Farm |
| 25:56 | Build | Farm |
| 25:56 | Build | Farm |
| 25:57 | Build | Farm |
| 25:57 | Build | Farm |
| 25:57 | Build | Farm |
| 25:57 | Build | Farm |
| 25:57 | Build | Farm |
| 25:57 | Build | Farm |
| 25:57 | Build | Farm |
| 26:01 | Build | Farm |
| 26:01 | Build | Farm |
| 26:01 | Build | Farm |
| 26:01 | Build | Farm |
| 26:01 | Build | Farm |
| 26:01 | Build | Farm |
| 26:01 | Build | Farm |
| 26:01 | Build | Farm |
| 26:01 | Build | Farm |
| 26:01 | Build | Farm |
| 26:02 | Build | Farm |
| 26:02 | Build | Farm |
| 26:02 | Build | Farm |
| 26:02 | Build | Farm |
| 26:02 | Build | Farm |
| 26:02 | Build | Farm |
| 26:03 | Build | Farm |
| 26:03 | Build | Farm |
| 26:03 | Build | Farm |
| 26:03 | Build | Farm |
| 26:03 | Build | Farm |
Build order — Iaguinho Ohh+ Brabo
110 actions detected in the replay
| 0:01 | Create | Villager (Male) |
| 0:01 | Create | Villager (Male) |
| 0:01 | Create | Villager (Male) |
| 0:03 | Build | House |
| 0:05 | Build | House |
| 1:07 | Create | Villager (Male) |
| 2:00 | Create | Villager (Male) |
| 2:25 | Create | Villager (Male) |
| 2:30 | Build | Lumber Camp |
| 2:55 | Create | Villager (Male) |
| 2:55 | Create | Villager (Male) |
| 3:27 | Create | Villager (Male) |
| 3:48 | Create | Villager (Male) |
| 4:17 | Create | Villager (Male) |
| 4:40 | Build | House |
| 4:42 | Build | House |
| 4:44 | Create | Villager (Male) |
| 5:08 | Build | Mill |
| 5:21 | Create | Villager (Male) |
| 5:44 | Build | House |
| 6:15 | Create | Villager (Male) |
| 6:15 | Create | Villager (Male) |
| 6:35 | Build | House |
| 6:38 | Create | Villager (Male) |
| 6:53 | Build | Mining Camp |
| 7:02 | Create | Villager (Male) |
| 7:02 | Create | Villager (Male) |
| 7:20 | Build | House |
| 7:23 | Build | House |
| 7:31 | Create | Villager (Male) |
| 8:30 | Build | Mill |
| 8:46 | Create | Villager (Male) |
| 9:53 | Research | Feudal Age |
| 11:55 | Create | Villager (Male) |
| 11:56 | Create | Villager (Male) |
| 12:03 | Age | Feudal Age |
| 12:25 | Create | Villager (Male) |
| 12:43 | Build | Gate |
| 12:51 | Build | Stone Wall |
| 13:03 | Build | House |
| 13:05 | Build | House |
| 13:07 | Build | House |
| 13:28 | Build | Gate |
| 13:36 | Create | Villager (Male) |
| 14:47 | Create | Villager (Male) |
| 14:54 | Build | Farm |
| 15:02 | Build | Farm |
| 15:04 | Build | Farm |
| 15:08 | Build | Farm |
| 15:24 | Build | Market |
| 15:34 | Build | Farm |
| 15:38 | Create | Villager (Male) |
| 15:41 | Create | Villager (Male) |
| 16:11 | Build | Farm |
| 16:12 | Create | Villager (Male) |
| 16:18 | Research | Double-Bit Axe |
| 16:54 | Build | Blacksmith |
| 17:17 | Build | Donjon |
| 17:32 | Build | House |
| 17:33 | Build | House |
| 17:56 | Research | Castle Age |
| 18:00 | Research | Gold Mining |
| 18:01 | Research | Stone Mining |
| 18:21 | Build | Barracks |
| 18:25 | Create | Serjeant |
| 18:26 | Create | Serjeant |
| 18:27 | Create | Serjeant |
| 18:27 | Create | Serjeant |
| 19:19 | Create | Serjeant |
| 19:29 | Create | Serjeant |
| 19:29 | Create | Serjeant |
| 19:30 | Create | Militia |
| 19:30 | Create | Militia |
| 20:27 | Build | Farm |
| 20:31 | Build | Farm |
| 20:34 | Build | Farm |
| 20:36 | Build | Farm |
| 20:36 | Age | Castle Age |
| 20:40 | Build | Farm |
| 20:47 | Build | Farm |
| 20:51 | Build | Farm |
| 20:54 | Build | Farm |
| 20:55 | Create | Villager (Male) |
| 20:56 | Create | Villager (Male) |
| 20:56 | Create | Villager (Male) |
| 21:21 | Build | Donjon |
| 21:33 | Research | Horse Collar |
| 21:54 | Create | Villager (Male) |
| 22:19 | Build | Donjon |
| 22:56 | Create | Serjeant |
| 22:57 | Create | Serjeant |
| 22:58 | Create | Serjeant |
| 22:59 | Create | Serjeant |
| 23:19 | Build | Siege Workshop |
| 23:51 | Build | Stable |
| 23:56 | Research | Forging |
| 23:57 | Research | Scale Mail Armor |
| 24:05 | Create | Serjeant |
| 24:06 | Create | Serjeant |
| 24:07 | Create | Serjeant |
| 24:07 | Create | Serjeant |
| 24:24 | Create | Serjeant |
| 24:25 | Create | Serjeant |
| 24:33 | Create | Serjeant |
| 24:33 | Create | Serjeant |
| 24:55 | Research | Light Cavalry (upgrade) |
| 25:03 | Build | House |
| 25:05 | Build | House |
| 25:11 | Create | Serjeant |
| 26:33 | Build | Farm |
Build order — Chotis_Tloupro
122 actions detected in the replay
| 0:08 | Build | House |
| 0:11 | Build | House |
| 0:13 | Build | House |
| 0:21 | Create | Villager (Male) |
| 0:21 | Create | Villager (Male) |
| 0:21 | Create | Villager (Male) |
| 0:22 | Create | Villager (Male) |
| 0:22 | Create | Villager (Male) |
| 1:41 | Build | House |
| 1:42 | Build | House |
| 1:46 | Create | Villager (Male) |
| 2:26 | Create | Villager (Male) |
| 2:41 | Create | Villager (Male) |
| 3:31 | Create | Villager (Male) |
| 3:32 | Create | Villager (Male) |
| 3:58 | Create | Villager (Male) |
| 4:02 | Build | Lumber Camp |
| 4:07 | Create | Villager (Male) |
| 4:50 | Create | Villager (Male) |
| 5:06 | Create | Villager (Male) |
| 5:47 | Create | Villager (Male) |
| 5:47 | Create | Villager (Male) |
| 5:48 | Create | Villager (Male) |
| 6:22 | Build | Mill |
| 6:29 | Create | Villager (Male) |
| 6:37 | Create | Villager (Male) |
| 7:18 | Create | Villager (Male) |
| 7:48 | Create | Villager (Male) |
| 8:22 | Build | House |
| 8:24 | Build | House |
| 8:26 | Build | House |
| 8:31 | Build | House |
| 8:37 | Build | House |
| 8:38 | Create | Villager (Male) |
| 9:00 | Create | Villager (Male) |
| 9:09 | Build | Mining Camp |
| 9:35 | Create | Villager (Male) |
| 9:35 | Create | Villager (Male) |
| 10:08 | Build | Barracks |
| 10:47 | Create | Villager (Male) |
| 11:12 | Build | House |
| 11:14 | Build | House |
| 11:25 | Build | Barracks |
| 11:49 | Build | Mill |
| 11:58 | Research | Feudal Age |
| 12:59 | Create | Militia |
| 12:59 | Create | Militia |
| 13:01 | Create | Militia |
| 13:01 | Create | Militia |
| 13:36 | Create | Villager (Male) |
| 13:36 | Create | Villager (Male) |
| 13:37 | Create | Villager (Male) |
| 14:09 | Research | Double-Bit Axe |
| 14:11 | Research | Horse Collar |
| 14:12 | Research | Gold Mining |
| 14:28 | Build | Blacksmith |
| 14:37 | Build | Farm |
| 14:45 | Create | Villager (Male) |
| 14:54 | Build | Farm |
| 14:58 | Create | Villager (Male) |
| 15:02 | Build | Farm |
| 15:20 | Build | Siege Workshop |
| 15:29 | Build | Farm |
| 15:30 | Create | Villager (Male) |
| 15:33 | Research | Man-at-Arms (upgrade) |
| 15:35 | Research | Arson |
| 15:55 | Build | Farm |
| 16:10 | Create | Villager (Male) |
| 16:18 | Create | Villager (Male) |
| 16:21 | Create | Battering Ram |
| 16:22 | Create | Battering Ram |
| 16:27 | Create | Battering Ram |
| 16:41 | Build | Farm |
| 16:44 | Create | Militia |
| 16:44 | Create | Militia |
| 16:46 | Create | Militia |
| 16:46 | Create | Militia |
| 17:07 | Build | Farm |
| 17:11 | Create | Villager (Male) |
| 17:16 | Create | Villager (Male) |
| 17:39 | Build | Farm |
| 17:45 | Research | Scale Mail Armor |
| 18:00 | Create | Battering Ram |
| 18:27 | Create | Villager (Male) |
| 18:29 | Create | Militia |
| 18:29 | Create | Militia |
| 18:31 | Create | Militia |
| 18:31 | Create | Militia |
| 19:02 | Build | Farm |
| 19:18 | Create | Villager (Male) |
| 19:19 | Create | Villager (Male) |
| 19:20 | Create | Militia |
| 19:21 | Create | Militia |
| 19:22 | Create | Militia |
| 19:23 | Create | Militia |
| 19:23 | Create | Militia |
| 19:55 | Create | Villager (Male) |
| 19:57 | Create | Militia |
| 19:58 | Create | Militia |
| 19:59 | Create | Militia |
| 19:59 | Create | Militia |
| 20:15 | Build | Farm |
| 20:17 | Build | Farm |
| 20:23 | Build | Farm |
| 20:27 | Build | Farm |
| 20:31 | Build | Mining Camp |
| 20:45 | Build | House |
| 20:47 | Build | House |
| 21:37 | Build | Farm |
| 21:40 | Build | Farm |
| 21:44 | Build | Farm |
| 21:48 | Build | Farm |
| 21:52 | Build | Farm |
| 22:00 | Build | Farm |
| 22:03 | Build | Farm |
| 22:41 | Research | Castle Age |
| 25:27 | Research | Heavy Plow |
| 25:29 | Research | Gold Shaft Mining |
| 25:32 | Research | Stone Mining |
| 25:36 | Research | Bow Saw |
| 25:39 | Research | Wheelbarrow |
| 27:08 | Research | Long Swordsman (upgrade) |
Build order — FOX
87 actions detected in the replay
| 1:08 | Build | House |
| 1:13 | Create | Villager (Male) |
| 1:13 | Create | Villager (Male) |
| 1:13 | Create | Villager (Male) |
| 1:14 | Create | Villager (Male) |
| 1:14 | Create | Villager (Male) |
| 1:33 | Build | House |
| 2:55 | Create | Villager (Male) |
| 2:55 | Create | Villager (Male) |
| 3:56 | Create | Villager (Male) |
| 3:57 | Create | Villager (Male) |
| 4:12 | Create | Villager (Male) |
| 4:13 | Create | Villager (Male) |
| 4:36 | Build | Mill |
| 4:39 | Create | Villager (Male) |
| 5:13 | Create | Villager (Male) |
| 5:13 | Create | Villager (Male) |
| 6:06 | Create | Villager (Male) |
| 6:07 | Create | Villager (Male) |
| 6:52 | Build | Lumber Camp |
| 6:56 | Create | Villager (Male) |
| 7:38 | Create | Villager (Male) |
| 7:38 | Create | Villager (Male) |
| 7:47 | Build | House |
| 7:58 | Create | Villager (Male) |
| 8:01 | Create | Villager (Male) |
| 8:50 | Create | Villager (Male) |
| 9:06 | Create | Villager (Male) |
| 9:15 | Build | Mining Camp |
| 9:37 | Create | Villager (Male) |
| 10:18 | Create | Villager (Male) |
| 10:28 | Build | House |
| 10:41 | Create | Villager (Male) |
| 12:04 | Research | Feudal Age |
| 12:17 | Build | House |
| 12:23 | Build | House |
| 13:59 | Build | House |
| 14:02 | Build | House |
| 14:22 | Age | Feudal Age |
| 14:32 | Create | Villager (Male) |
| 14:32 | Create | Villager (Male) |
| 14:32 | Create | Villager (Male) |
| 14:34 | Create | Villager (Male) |
| 14:37 | Create | Villager (Male) |
| 14:55 | Build | House |
| 15:08 | Build | Mill |
| 15:38 | Build | Market |
| 15:51 | Build | Market |
| 16:04 | Build | Farm |
| 16:07 | Research | Horse Collar |
| 16:17 | Build | Farm |
| 16:34 | Create | Villager (Male) |
| 17:09 | Create | Villager (Male) |
| 17:47 | Build | Watch Tower |
| 17:54 | Build | Farm |
| 17:57 | Create | Villager (Male) |
| 18:16 | Create | Trade Cart |
| 18:16 | Create | Trade Cart |
| 18:37 | Build | Blacksmith |
| 18:51 | Create | Villager (Male) |
| 18:51 | Create | Villager (Male) |
| 19:16 | Build | Gate |
| 19:31 | Build | Barracks |
| 19:39 | Build | Farm |
| 19:44 | Research | Castle Age |
| 20:28 | Build | Barracks |
| 20:35 | Build | Farm |
| 20:50 | Build | Farm |
| 20:51 | Build | Farm |
| 21:12 | Build | Stone Wall |
| 21:43 | Build | Barracks |
| 21:51 | Create | Spearman |
| 21:51 | Create | Spearman |
| 22:08 | Create | Trade Cart |
| 22:21 | Create | Trade Cart |
| 22:24 | Age | Castle Age |
| 22:31 | Research | Heavy Plow |
| 22:39 | Research | Double-Bit Axe |
| 22:45 | Create | Villager (Male) |
| 22:45 | Create | Villager (Male) |
| 23:24 | Build | Town Center |
| 23:34 | Create | Villager (Male) |
| 23:49 | Create | Spearman |
| 23:50 | Create | Spearman |
| 24:01 | Build | Stone Wall |
| 25:09 | Build | Stable |
| 25:36 | Build | Castle |
Match timeline
| 10:08 | Chotis_Tloupro · first_building Barracks |
| 12:03 | Iaguinho Ohh+ Brabo · age_up feudal |
| 12:51 | Iaguinho Ohh+ Brabo · wall_segment Stone Wall x3 |
| 14:22 | FOX · age_up feudal |
| 15:20 | Chotis_Tloupro · first_building Siege Workshop |
| 16:17 | sotimeyang · first_building Barracks |
| 17:17 | Iaguinho Ohh+ Brabo · first_building Donjon |
| 17:21 | sotimeyang · first_building Archery Range |
| 18:21 | Iaguinho Ohh+ Brabo · first_building Barracks |
| 18:28 | FOX · first_market_buy 100 food |
| 19:31 | FOX · first_building Barracks |
| 20:36 | Iaguinho Ohh+ Brabo · age_up castle |
| 21:12 | FOX · wall_segment Stone Wall x13 |
| 22:24 | FOX · age_up castle |
| 23:19 | Iaguinho Ohh+ Brabo · first_building Siege Workshop |
| 23:51 | Iaguinho Ohh+ Brabo · first_building Stable |
| 24:01 | FOX · wall_segment Stone Wall x9 |
| 25:09 | FOX · first_building Stable |
| 25:36 | FOX · first_building Castle |
| 26:06 | FOX · resign |
[ AI ANALYSIS · 1 CREDIT ]
What really happened in this match?
Wolo.gg analyzes every decision: build order, eco, micro, common mistakes by bracket. Personalized analysis on WhatsApp or Discord in 30 seconds.
Civ guide
Romans
Map guide
MegaRandom
Perfil
Jugador #22703039